 Dungeon Crawl Stone Soup version 0.32-a0-643-ga006e7742e (webtiles) character file.

Game seed: 11451852499578042514

567 growler the Ruffian (level 7, 0/52 HPs)
             Began as a Purple Draconian Shapeshifter on Mar 7, 2024.
             Succumbed to a water moccasin's poison
             ... on level 5 of the Dungeon.
             The game lasted 00:17:05 (4058 turns).

growler the Ruffian (Purple Draconian Shapeshifter) Turns: 4058, Time: 00:17:05

Health: 0/52       AC:  6    Str: 19    XL:     7   Next: 11%
Magic:  7/7        EV: 12    Int: 10    God:
Gold:   247        SH:  0    Dex: 10    Spells: 6/6 levels left

rFire   . .          .
                       - Unarmed
rCold   . . .        (no shield)
rNeg    . . .        (body armour unavailable)
rPois   .            (helmet currently unavailable)
rElec   .            (cloak currently unavailable)
rCorr   .            (gloves currently unavailable)
SInv    .            (boots currently unavailable)
Will    +....        (no amulet)
Stlth   +            (no ring)
HPRegen 0.28/turn    (no ring)
MPRegen 0.10/turn

%: no passive effects
@: lethally poisoned (0 -> -1), beast-form
A: beast (slay +3), nullifying breath, AC +6, unfitting armour, cold-blooded
a: Nullifying Breath, Begin Untransformation


You were on level 5 of the Dungeon.
You were a hulking beast.
You visited 1 branch of the dungeon, and saw 5 of its levels.
You also visited: Sewer.

You collected 247 gold pieces.

Inventory:

Missiles
 j - 2 throwing nets (quivered)
Jewellery
 o - a ring of magical power
 r - a ring of protection from fire
Talismans
 b - a beast talisman (active)
 c - a flux talisman
Wands
 n - a wand of quicksilver (12)
 p - a wand of flame (6)
 q - a wand of mindburst (15)
Scrolls
 a - a scroll of fear
 d - a scroll of teleportation
 f - 2 scrolls of blinking
 g - 3 scrolls of identify
 h - a scroll of amnesia {unknown}
 i - a scroll of poison
 l - a scroll of summoning
 m - a scroll of enchant weapon {unknown}
Potions
 e - 4 potions of degeneration
 k - a potion of mutation


   Skills:
 - Level 1.1 Fighting
 - Level 1.7 Dodging
 + Level 6.1 Unarmed Combat
 + Level 5.7 Shapeshifting


You had 6 spell levels left.
You didn't know any spells.
Your spell library contained the following spells:

 Spells                   Type           Power      Damage    Failure   Level
 Gell's Gravitas          Tloc           0%         N/A       75%         3
 Teleport Other           Tloc           0%         N/A       75%         3
 Tukima's Dance           Hex            0%         N/A       75%         3
 Brom's Barrelling Bould  Conj/Erth      0%         2d3       98%         4
 Dimensional Bullseye     Hex/Tloc       0%         N/A       98%         4
 Iskenderun's Mystic Bla  Conj/Tloc      0%         2d3       98%         4
 Arcjolt                  Conj/Air       0%         1d10      100%        5
 Bombard                  Conj/Erth      0%         9d1       100%        6
 Dispersal                Tloc           0%         N/A       100%        6


Dungeon Overview and Level Annotations

Branches:
Dungeon (5/15)              Sewer (visited)
 Temple: D:4-7

Altars:
Elyvilon
Hepliaklqana

Shops:
D:2 (?


Innate Abilities, Weirdness & Mutations

You are a hulking beast.
Your limbs bulge with bestial killing power. (Slay +3)
You can breathe blasts of antimagic.
Your rich purple scales are hard. (AC +6)
You cannot fit into any form of body armour.
You are cold-blooded and may be slowed by cold attacks.


Message History

Your Unarmed Combat skill increases to level 6!
You have reached level 7!
Your scales start taking on a rich purple colour.
You learn Spellcasting much quicker.
You learn Hexes much quicker.
You learn Evocations quicker.
You can breathe blasts of antimagic.
Okay, then.
Aiming: Nullifying Breath
Press: ? - help, Shift-Dir - straight line You breathe a sphere of nullifying energy.
The antimagic surges outward!
The nullifying energy engulfs the hound!
The hound is heavily wounded.
* * * LOW HITPOINT WARNING * * *
You feel very sick. The hound misses you. The hound closely misses you.
You punch the hound!
You kill the hound!
* * * LOW HITPOINT WARNING * * *
You feel very sick.
* * * LOW HITPOINT WARNING * * *
You feel sick.
You see here a scroll labelled DEFUCROEFI.
Okay, then.
As you read the scroll labelled TETAROU DYONK, it crumbles to dust.
Wisps of shadow whirl around you...
It was a scroll of summoning.
* * * LOW HITPOINT WARNING * * *
You feel sick.
* * * LOW HITPOINT WARNING * * *
You feel sick.
* * * LOW HITPOINT WARNING * * *
You feel sick.
You see here a +5 ring of evasion.
* * * LOW HITPOINT WARNING * * *
You feel sick.
* * * LOW HITPOINT WARNING * * *
You feel sick.
* * * LOW HITPOINT WARNING * * *
You feel sick.
An iguana comes into view.
You die...

#..... #.. #.#### ##
###.## #.# #. ....# #.#
#. #####..## #.#
#.####.......####.##
#......[...........###
##.<##.s...............
#.....h.O.=......###.##
..l.........#.?###.#
#†.. ##.#.>.#######..#
#.# #... # #...# #..#
#$# #... #...# #..# #.#
#.#. ...... .... .[#
#.#. .#..#. ##..#####
#.#. ...# #.## #.##


You could see an iguana (wandering, ally target), a friendly ogre (summoned) and
a friendly scorpion (summoned).

Vanquished Creatures
  A water moccasin (D:5)
  2 bullfrogs (Sewer)
  A bombardier beetle (D:4)
  2 hounds (D:5)
  An orc priest (D:4)
  An orc wizard (D:3)
  4 adders
  3 gnolls
  8 dart slugs
  A ribbon worm (D:4)
  2 orcs (D:4)
  6 bats
  6 endoplasms
  10 giant cockroaches
  10 goblins
  9 hobgoblins
  2 quokkas (D:1)
  12 ball pythons
  12 frilled lizards
  7 kobolds (D:1)
  4 rats
104 creatures vanquished.

Notes
Turn   | Place    | Note
-------+----------+-------------------------------------------
     0 | D:1      | growler the Draconian Shapeshifter began the quest for the
                  | Orb.
     0 | D:1      | Reached XP level 1. HP: 16/16 MP: 1/1
   152 | D:1      | Reached XP level 2. HP: 23/23 MP: 2/2
   288 | D:1      | Reached XP level 3. HP: 26/28 MP: 3/3
   703 | D:2      | Found a faded altar of an unknown god.
   708 | D:2      | Found Plog's Weapon Shop.
   923 | D:1      | HP: 1/28 [gnoll/+0 halberd (7)]
  1075 | D:2      | Reached skill level 4 in Unarmed Combat
  1133 | D:2      | Reached XP level 4. HP: 25/35 MP: 4/4
  1280 | D:2      | Got Qiesits's Incunabulum of Trauma and the Brume
  1371 | D:2      | Found Aschan's Magic Scroll Boutique.
  2304 | D:4      | Reached XP level 5. HP: 40/40 MP: 5/5
  2504 | D:4      | Found a glowing drain.
  2517 | Sewer    | Entered a sewer
  2958 | Sewer    | Reached skill level 5 in Unarmed Combat
  2958 | Sewer    | Reached XP level 6. HP: 6/47 MP: 6/6
  3155 | Sewer    | Reached skill level 5 in Shapeshifting
  3908 | D:4      | Found a white marble altar of Elyvilon.
  3965 | D:5      | Entered Level 5 of the Dungeon
  3970 | D:5      | Found a hazy altar of Hepliaklqana.
  4033 | D:5      | Noticed a water moccasin
  4048 | D:5      | Killed a water moccasin
  4049 | D:5      | Reached skill level 6 in Unarmed Combat
  4049 | D:5      | Your scales start taking on a rich purple colour.
  4049 | D:5      | Reached XP level 7. HP: 15/52 MP: 7/7
  4055 | D:5      | HP: 2/52 [poisoned by a water moccasin]
  4058 | D:5      | Succumbed to a water moccasin's poison

Illustrated notes

Levels and vault maps discovered:
D:1:      shiori_arrival_oz, layout_rooms, minmay_misc_feat_doors,
          minmay_split_cup_large
D:2:      minmay_inner_zag, layout_rooms, ebering_ecumenical_altar_mist,
          serial_shops, shop_statue, nicolae_shop_tiny_statue_garden
D:3:      layout_basic, nicolae_figureground_sparkle
D:4:      kennysheep_big_flooded_room, layout_rooms,
          nicolae_elyvilon_temple_path, cheibrodos_sewer_entry_bend
D:5:      layout_loops_ring, grunt_temple_overflow_growth_and_decay,
          mainiacjoe_overflow_paths, uniq_blork_the_orc, uniq_ijyb

Skill      XL: |  1  2  3  4  5  6 |
---------------+-------------------+-----
Unarmed Combat | 4 5 6 |  6.1
Shapeshifting  | 4 5 |  5.7
Fighting       | |  1.1
Dodging        | |  1.7

Action                     |  1- 3 |  4- 6 |  7- 9 || total
---------------------------+-------+-------+-------++-------
  Melee: Unarmed           |   104 |   174 |     1 ||   279
         Tailslap          |     8 |    17 |       ||    25
         Punch             |     4 |     8 |       ||    12
Ability: Nullifying Breath |       |       |     1 ||     1
    Use: Potion            |     1 |     1 |       ||     2
         Scroll            |       |     5 |     1 ||     6
   Stab: Sleeping          |       |     2 |       ||     2
 Armour: Skin              |    59 |   136 |       ||   195
  Dodge: Dodged            |    62 |    91 |     2 ||   155

Table legend: (Time is in decaauts)
 A = Elapsed time spent in this place.
 B = Non-inter-level travel time spent in this place.
 C = Inter-level travel time spent in this place.
 D = Time resting spent in this place.
 E = Time spent auto-exploring this place.
 F = Levels seen in this place.
 G = Mean time per level.
                   A        B        C        D        E       F      G
               +--------+--------+--------+--------+--------+-----+--------+
         Total |   4109 |   3968 |    141 |    688 |   2158 |   6 |  684.8 |
       Dungeon |   3388 |   3247 |    141 |    435 |   2158 |   5 |  677.6 |
         Sewer |    720 |    720 |      0 |    253 |      0 |   1 |  720.0 |
               +--------+--------+--------+--------+--------+-----+--------+

Top non-repeatable levels by time:
     D:3: 995 daAuts
     D:1: 867 daAuts
     D:4: 775 daAuts
   Sewer: 720 daAuts
     D:2: 659 daAuts
     D:5: 91 daAuts
